[Event "Late-Titled-Tuesday-Blitz-April-16-2024"]
[Site "Chess.com"]
[Date "2024.04.16"]
[Round "9"]
[White "maurovargas01"]
[Black "th3d4rkness"]
[Result "0-1"]
[WhiteElo "1892"]
[BlackElo "2130"]
[TimeControl "180+1"]
[EndTime "15:43:34 PDT"]
[Termination "th3d4rkness won on time"]

1. e4 c5 2. Nc3 Nc6 3. f4 a6 4.
Nf3 g6 5. g3 Bg7 6. d3 Nd4 7. Bg2 d6 8. Nd5 e6 9. Ne3 Ne7 10. c3 Nxf3+ 11. Bxf3 f5 12. O-O O-O 13. Bg2 Rb8 14. Qe1 d5 15. e5 b5 16. Nd1 d4 17.
c4 bxc4 18. dxc4 Bb7 19. b3 Bxg2 20. Kxg2 Qd7 21. Nb2 Qb7+ 22. Kg1 Nc6 23. Nd3 Qe7 24. Ba3 Nb4 25. Qd2 a5 26. Rfd1 Rfc8 27. Nb2 Qb7 28. Na4 Qe4 29. Qg2 Bf8 30. Rd2 Qxg2+ 31. Kxg2 Be7 32.
Rad1 Kf7 33. Kf3 h6 34. h3 g5 35. Nb2 Rg8 36. Nd3 g4+ 37. hxg4 Rxg4 38. Kf2 Rbg8 39.
Rg1 h5 0-1

[Event "Late-Titled-Tuesday-Blitz-April-16-2024"]
[Site "Chess.com"]
[Date "2024.04.16"]
[Round "9"]
[White "Vladimir_2020"]
[Black "Mikhail_Bryakin"]
[Result "1/2-1/2"]
[WhiteElo "2770"]
[BlackElo "2880"]
[TimeControl "180+1"]
[EndTime "15:43:37 PDT"]
[Termination "Game drawn by agreement"]

1. e4 e5 2. Nf3 Nf6 3. Nxe5 d6 4.
Nf3 Nxe4 5. d3 Nf6 6. d4 d5 7. Bd3 Bd6 8. O-O O-O 9. Bg5 Bg4 10.
Nbd2 Nbd7 11. c3 Bh5 12. Qb3 Qc8 13. Rfe1 Bg6 14. Bf1 c6 15. Bh4 Qc7 16. Bg3 Bxg3 17. hxg3 Rfe8 18. Nh4 a5 19. Nxg6 hxg6 20. a4 Rxe1 21.
Rxe1 Re8 22. Rxe8+ Nxe8 23. c4 dxc4 24. Nxc4 Nef6 25. Qc3 b6 26. Ne5 c5 27. Nxd7 Nxd7 28. Bb5 Nf6 29. dxc5 Qxc5 30. Qxc5 bxc5 31. f3 Kf8 32.
Kf2 Ke7 33. Bc4 Ne8 34. Ke3 Nd6 35. Kd3 g5 36. g4 g6 37. Bd5 f5 38. g3 Kf6 39. b3 Ke5 40. Bg8 f4 41. gxf4+ gxf4 42. Bc4 g5 43. Bg8 Kf6 44. Kc3 Ke5 45. Kd3 Kf6 46. Kc3 Ke7 47. Kd3 Kd7 48. Bd5 Kc7 49.
Kc3 Kd8 50. Kd3 1/2-1/2

[Event "Late-Titled-Tuesday-Blitz-April-16-2024"]
[Site "Chess.com"]
[Date "2024.04.16"]
[Round "9"]
[White "FuenfgegenWilly"]
[Black "ContrVersia"]
[Result "0-1"]
[WhiteElo "2468"]
[BlackElo "2843"]
[TimeControl "180+1"]
[EndTime "15:43:37 PDT"]
[Termination "ContrVersia won by resignation"]

1. d4 f5 2. Bg5 g6 3. Nc3 Bg7 4. e3 Nh6 5. Bd3 Nf7 6. h4 d6 7. Nge2 Nc6 8. Qd2 Nxg5 9. hxg5 e5 10. dxe5 dxe5 11. Bc4 Qxg5 12. Qd5 Qe7 13. O-O-O Bd7 14. Qb5 O-O-O 15. Nd5 Qf8 16. Nec3 e4 17. Qa4 Qc5 18. Bb3 a6 19. Qc4 Qxc4 20. Bxc4 h5 21. Bb3 Rhe8 22.
Ba4 Ne5 23. Bxd7+ Rxd7 24. f4 Ng4 25. Rd2 Red8 26. Rhd1 b5 27. a3 Kb7 28. Nb4 Rxd2 29.
Rxd2 Rxd2 30. Kxd2 c6 31. b3 Bxc3+ 32. Kxc3 Nxe3 33.
g3 Nf1 34. Kd4 Nxg3 35. c4 h4 36. Ke3 h3 0-1

[Event "Late-Titled-Tuesday-Blitz-April-16-2024"]
[Site "Chess.com"]
[Date "2024.04.16"]
[Round "9"]
[White "MFatigue"]
[Black "rajesh1464"]
[Result "1-0"]
[WhiteElo "2555"]
[BlackElo "2391"]
[TimeControl "180+1"]
[EndTime "15:43:37 PDT"]
[Termination "MFatigue won by resignation"]

1. e4 c5 2. a3 e5 3. Nc3 Nf6 4. Bc4 Be7 5. d3 O-O 6. Nf3 a6 7. Nxe5 b5 8. Bd5 Nxd5 9. Nxd5 Bb7 10. O-O Bxd5 11. exd5 d6 12. Nf3 Nd7 13. c4 Bf6 14.
Rb1 a5 15. Qc2 a4 16. Re1 Nb6 17. Bf4 b4 18. Qd2 Qd7 19. axb4 cxb4 20. Qxb4 Nc8 21. Ra1 Qf5 22. Re4 g5 23. Bg3 g4 24. Nh4 Qh5 25. h3 gxh3 26. gxh3 Kh8 27. Rg4 a3 28. Rxa3 Rxa3 29. Qxa3 Rg8 30. Rxg8+ Kxg8 31. Qa8 Bxh4 32. Qxc8+ Kg7 33. Qg4+ Qxg4 34. hxg4 Bf6 35. Bxd6 1-0

[Event "Late-Titled-Tuesday-Blitz-April-16-2024"]
[Site "Chess.com"]
[Date "2024.04.16"]
[Round "9"]
[White "ural58"]
[Black "Aygehovit1992"]
[Result "1-0"]
[WhiteElo "2551"]
[BlackElo "2784"]
[TimeControl "180+1"]
[EndTime "15:43:41 PDT"]
[Termination "ural58 won on time"]

1. e4 c5 2. b3 g6 3. Bb2 Nf6 4. e5 Nd5 5. Nc3 Nc7 6. d4 cxd4 7. Qxd4 Nc6 8. Qe3 Bg7 9. Nf3 O-O 10. O-O-O a5 11. a4 Nb4 12. h4 b5 13. Nxb5 Bb7 14. h5 Nxb5 15. Bxb5 Rc8 16. c4 Bc6 17.
hxg6 fxg6 18. e6 Bxb5 19. axb5 d5 20. Bxg7 Kxg7 21. Qh6+ Kf6 22. Qg5+ Kg7 23. Qh6+ Kf6 24. Qh4+ Kxe6 25. Rhe1+ Kd6 26. Qg3+ Kc5 27. Qe5 Kb6 28. Kb2 Qd6 29. Qd4+ Kb7 30. Qh4 Rxf3 31. Rxe7+ Kb8 32. gxf3 a4 33. Qg3 Qxg3 34. fxg3 axb3 35. cxd5 Nc2 36. d6 1-0

[Event "Late-Titled-Tuesday-Blitz-April-16-2024"]
[Site "Chess.com"]
[Date "2024.04.16"]
[Round "9"]
[White "katharinareinecke"]
[Black "PNEPaul"]
[Result "1-0"]
[WhiteElo "2024"]
[BlackElo "1860"]
[TimeControl "180+1"]
[EndTime "15:43:41 PDT"]
[Termination "katharinareinecke won by resignation"]

1. d4 Nf6 2. c4 c5 3. Nf3 e6 4. g3 d5 5. cxd5 exd5 6. Bg2 Nc6 7. O-O h6 8. Nc3 a6 9. a3 Be6 10. e3 Rc8 11. h3 c4 12. Re1 Be7 13. Ne5 O-O 14. f4 b5 15. Bd2 Nxe5 16. fxe5 Ne4 17. Nxe4 dxe4 18. Kh2 Bd5 19. Rf1 f5 20. Qe1 g5 21.
Bb4 Rb8 22. Bxe7 Qxe7 23. Qa5 Qe6 24. Qb4 Qb6 25. g4 fxg4 26. hxg4 a5 27. Qd6 Qxd6 28. exd6 Rbd8 29. Rxf8+ Kxf8 30. Rf1+ Kg7 31. Rf5 Rxd6 32. Re5 b4 33. axb4 axb4 34. Bxe4 Bxe4 35. Rxe4 c3 36.
Re7+ Kf6 37. Rc7 cxb2 38. e4 b1=Q 39. e5+ Ke6 40. exd6 Qe4 41. Re7+ Kd5 42. Rxe4 1-0

[Event "Late-Titled-Tuesday-Blitz-April-16-2024"]
[Site "Chess.com"]
[Date "2024.04.16"]
[Round "9"]
[White "MarceloPlaya"]
[Black "HipsterChess22"]
[Result "1-0"]
[WhiteElo "2320"]
[BlackElo "2227"]
[TimeControl "180+1"]
[EndTime "15:43:44 PDT"]
[Termination "MarceloPlaya won by resignation"]

1. e4 c6 2. d4 d5 3. e5 c5 4. dxc5 e6 5. Be3 Nd7 6. Bb5 Ne7 7. Nf3 Nf5 8. b4 Nxe3 9. fxe3 g6 10. O-O Bg7 11. Nc3 O-O 12. Bxd7 Bxd7 13. e4 Bc6 14. exd5 Bxd5 15. Nxd5 Qxd5 16. Qxd5 exd5 17. Rad1 Rad8 18. Rd3 Rfe8 19. Rfd1 Bxe5 20. Rxd5 Rxd5 21. Rxd5 Bc3 22. b5 Rc8 23. Ne5 Bxe5 24. Rxe5 Kf8 25. Kf2 f6 26.
Rd5 Ke7 27. Ke3 Ke6 28. Kd4 Ke7 29. c4 Rc7 30. a4 Rc8 31. a5 Ke6 32. Rd6+ Ke7 33.
Kd5 f5 34. a6 bxa6 35. Rxa6 Rd8+ 36. Ke5 Rd7 37. b6 axb6 38. cxb6 Rd1 39. Ra7+ Kd8 40. c5 h6 41. c6 Re1+ 42. Kf6 1-0

[Event "Late-Titled-Tuesday-Blitz-April-16-2024"]
[Site "Chess.com"]
[Date "2024.04.16"]
[Round "9"]
[White "GM_dmitrij"]
[Black "marcodobrikov"]
[Result "1-0"]
[WhiteElo "2985"]
[BlackElo "2618"]
[TimeControl "180+1"]
[EndTime "15:43:47 PDT"]
[Termination "GM_dmitrij won by checkmate"]

1. d4 d5 2. Bg5 Bf5 3. Nc3 c6 4. Qd2 Nd7 5. f3 Ngf6 6. g4 Bg6 7. e3 h6 8. Bh4 e6 9. Nge2 Bh7 10.
Bg3 Nb6 11. Nf4 Bd6 12. O-O-O Qc7 13. Kb1 g5 14. Nfe2 Nc4 15. Qc1 e5 16. dxe5 Bxe5 17. Nd4 Bxg3 18. hxg3 Qxg3 19. Bxc4 dxc4 20. Rxh6 Bxc2+ 21.
Qxc2 Rxh6 22. Nf5 Qh2 23. Qa4 Kf8 24. Qb4+ Kg8 25. Qxb7 Rf8 26. Nxh6+ Qxh6 27. Qxc6 Nxg4 28.
Qc5 Qg6+ 29. e4 Nf6 30. Rg1 Nh7 31. Nd5 Qe6 32. Qxc4 Kg7 33. Qd4+ f6 34. Qxa7+ Rf7 35. Qd4 Qa6 36. f4 Kf8 37. a3 Qe2 38. fxg5 Nxg5 39. Nxf6 Ne6 40. Rg8+ Ke7 41. Re8# 1-0

[Event "Late-Titled-Tuesday-Blitz-April-16-2024"]
[Site "Chess.com"]
[Date "2024.04.16"]
[Round "9"]
[White "chucksterf10"]
[Black "ArchibaldCerveza29"]
[Result "1-0"]
[WhiteElo "2601"]
[BlackElo "2387"]
[TimeControl "180+1"]
[EndTime "15:43:47 PDT"]
[Termination "chucksterf10 won on time"]

1. b3 e5 2. Bb2 Nc6 3. e3 Nf6 4.
Bb5 e4 5. d3 a6 6. Bxc6 dxc6 7.
Nc3 Bg4 8. Nge2 exd3 9. cxd3 Bd6 10. h3 Bh5 11. Qc2 Qe7 12. Nd4 Qd7 13. g4 Bg6 14. O-O-O O-O-O 15. f4 h5 16. f5 Bh7 17. g5 Nd5 18.
Qf2 Rde8 19. Nxd5 cxd5 20. Rhf1 Kb8 21. Rde1 h4 22. Qf3 Bg3 23. Re2 c6 24. e4 dxe4 25. dxe4 Be5 26. Rd1 Qc7 27. Kb1 Rd8 28. Red2 Ka8 29.
Ne6 fxe6 30. Bxe5 Rxd2 31. Bxc7 Rxd1+ 32. Qxd1 exf5 33. e5 1-0

[Event "Late-Titled-Tuesday-Blitz-April-16-2024"]
[Site "Chess.com"]
[Date "2024.04.16"]
[Round "9"]
[White "PhileKhoob"]
[Black "Supelyel"]
[Result "1-0"]
[WhiteElo "2315"]
[BlackElo "2414"]
[TimeControl "180+1"]
[EndTime "15:43:47 PDT"]
[Termination "PhileKhoob won by checkmate"]

1. Nf3 Nf6 2. g3 d6 3. d4 Nbd7 4. b3 e5 5. dxe5 dxe5 6. Bb2 e4 7.
Nd4 c6 8. Bg2 Bc5 9. O-O O-O 10.
Nd2 Re8 11. Nc4 Nf8 12. e3 Bg4 13. Qe1 Qd7 14. b4 Bb6 15. Qc3 Bh3 16. Rfd1 Bxg2 17. Kxg2 Qg4 18. h3 Qg5 19. Nd6 Ng6 20. Qb3 Rf8 21.
Kh2 Bc7 22. N4f5 h5 23. h4 Ng4+ 24. Kg2 Qf6 25. Bxf6 Nxf6 26. Nc4 Rfe8 27. Rd2 Re6 28. Rad1 Ng4 29. b5 cxb5 30. Qxb5 Rae8 31. Qxb7 N6e5 32.
Qxc7 Nf3 33. Rd8 Rxd8 34. Rxd8+ Kh7 35. Qxf7 Rf6 36. Qxg7# 1-0

[Event "Late-Titled-Tuesday-Blitz-April-16-2024"]
[Site "Chess.com"]
[Date "2024.04.16"]
[Round "9"]
[White "stollenmonster"]
[Black "Tolyanius"]
[Result "1-0"]
[WhiteElo "2894"]
[BlackElo "2649"]
[TimeControl "180+1"]
[EndTime "15:43:49 PDT"]
[Termination "stollenmonster won by resignation"]

1. e4 e5 2. Nc3 Nc6 3. g3 h5 4. h3 h4 5. g4 Be7 6. Bg2 Bg5 7. Nge2 Nge7 8. d4 Bxc1 9. Rxc1 d6 10. Qd2 f6 11. f4 Ng6 12. O-O b6 13. f5 Nf8 14.
g5 Nh7 15. g6 Ng5 16. Nd5 exd4 17.
Nxd4 Ne5 18. Nf4 Bd7 19. c4 Qc8 20. b4 Rb8 21. c5 bxc5 22. bxc5 Qa6 23. Nd5 Kd8 24.
Kh1 Qa3 25. Rc3 Qa4 26. Rfc1 c6 27. Nf4 dxc5 28. Nde6+ Ke7 29. Nxg5 fxg5 30. Rxc5 gxf4 31. Rxe5+ Kf6 32. Qd6+ Kg5 33. f6+ Kh6 34. Qxd7 gxf6 35. Rf5 Rbd8 36. Qc7 Rd1+ 37. Rxd1 Qxd1+ 38. Kh2 Qd2 39. g7 Rg8 40. Rxf6+ Kh7 41. Qxf4 Qxf4+ 42. Rxf4 Rxg7 43.
Rxh4+ Kg8 44. Rg4 1-0

[Event "Late-Titled-Tuesday-Blitz-April-16-2024"]
[Site "Chess.com"]
[Date "2024.04.16"]
[Round "9"]
[White "Anton_Demchenko"]
[Black "grzechu96"]
[Result "1-0"]
[WhiteElo "2967"]
[BlackElo "2780"]
[TimeControl "180+1"]
[EndTime "15:43:51 PDT"]
[Termination "Anton_Demchenko won by checkmate"]

1. e4 e5 2. Nf3 Nc6 3. Bc4 Nf6 4. d3 Bc5 5. Bg5 h6 6. Bh4 d6 7.
c3 Qe7 8. Nbd2 a6 9. O-O Ba7 10. Kh1 g5 11. Bg3 Bd7 12. b4 h5 13. h4 Bg4 14.
Qb3 gxh4 15. Bxh4 O-O-O 16. Bd5 Nb8 17. b5 a5 18. b6 Bxb6 19. Rab1 Nbd7 20. d4 Rdg8 21.
g3 Bxf3+ 22. Nxf3 Rg4 23. Bxf7 Rxh4+ 24. Nxh4 Nxe4 25. Ng6 Qf6 26. Nxh8 Qf3+ 27. Kg1 Nxg3 28. Qe6 Ne2+ 29. Kh2 Qf4+ 30. Kg2 Qg5+ 31. Kf3 c6 32.
Kxe2 exd4 33. Rxb6 dxc3 34. Qe8+ Kc7 35. Rxb7+ Kxb7 36. Qxd7+ Kb6 37. Rb1+ Kc5 38. Qa7# 1-0

[Event "Late-Titled-Tuesday-Blitz-April-16-2024"]
[Site "Chess.com"]
[Date "2024.04.16"]
[Round "9"]
[White "LuisFSiles"]
[Black "Mikhal867"]
[Result "1-0"]
[WhiteElo "2417"]
[BlackElo "2541"]
[TimeControl "180+1"]
[EndTime "15:43:51 PDT"]
[Termination "LuisFSiles won by resignation"]

1. e4 g6 2. Nc3 Bg7 3. f4 c5 4.
Nf3 Nc6 5. Bb5 Nd4 6. O-O Nxb5 7.
Nxb5 d5 8. exd5 Nf6 9. d6 exd6 10.
Re1+ Be6 11. d4 Qb6 12. c4 O-O 13. b3 a6 14. dxc5 dxc5 15. Nc3 Rad8 16. Qc2 Bf5 17.
Qb2 Ne4 18. Rxe4 Bxe4 19. Ne5 Bf5 20. Nd5 Rxd5 21. cxd5 Re8 22. Qf2 g5 23. Bb2 gxf4 24. Nc4 Qh6 25. Bxg7 Qxg7 26. Rf1 Bd3 27. Re1 Rxe1+ 28.
Qxe1 Qd4+ 29. Kh1 Be4 30. Nd6 Bxd5 31. Qe8+ Kg7 32. Nf5+ Kf6 33. Nxd4 cxd4 34. Qe1 f3 35. gxf3 Bxf3+ 36. Kg1 d3 37. Qf2 Ke5 38. Qxf3 1-0

[Event "Late-Titled-Tuesday-Blitz-April-16-2024"]
[Site "Chess.com"]
[Date "2024.04.16"]
[Round "9"]
[White "Kostukov_Alex"]
[Black "Ramil_Faizrakhmanov"]
[Result "0-1"]
[WhiteElo "2339"]
[BlackElo "2864"]
[TimeControl "180+1"]
[EndTime "15:43:53 PDT"]
[Termination "Ramil_Faizrakhmanov won on time"]

1. g3 d5 2. Bg2 Nf6 3. d3 c5 4. e4 dxe4 5. dxe4 Qxd1+ 6. Kxd1 Nc6 7.
f3 h5 8. Be3 b6 9. h4 Bb7 10.
Nd2 e6 11. c3 Bd6 12. Bf2 O-O-O 13. Kc2 Ne5 14. Ne2 Nd3 15. Be3 Ba6 16. Nf4 Nxf4 17.
gxf4 e5 18. fxe5 Bxe5 19. Bf1 Bb7 20. Nc4 Bc7 21. Be2 Rhe8 22. Rhg1 g6 23. Bg5 Re6 24. Bf1 Kb8 25. e5 Nd5 26. Bxd8 Bxd8 27. Nd6 Ne3+ 28. Kd2 Nxf1+ 29. Rgxf1 Rxe5 30. Nxb7 Kxb7 31. Rae1 Rd5+ 32. Kc2 Bxh4 33. Rd1 Rf5 34. Rd7+ Ka6 35. a4 Bg3 36. b4 cxb4 37. cxb4 b5 38. Kb3 bxa4+ 39.
Kxa4 h4 40. Rc1 Kb6 0-1

[Event "Late-Titled-Tuesday-Blitz-April-16-2024"]
[Site "Chess.com"]
[Date "2024.04.16"]
[Round "9"]
[White "picturesquecheck"]
[Black "CURRUTACO59"]
[Result "1-0"]
[WhiteElo "2403"]
[BlackElo "2172"]
[TimeControl "180+1"]
[EndTime "15:43:53 PDT"]
[Termination "picturesquecheck won on time"]

1. g3 Nf6 2. Bg2 d5 3. Nf3 c6 4. O-O Bg4 5. d3 e6 6. c4 Bd6 7. Qc2 Nbd7 8. Nbd2 O-O 9. a3 a5 10. b3 Re8 11. Bb2 Qe7 12. h3 Bh5 13. Rfe1 h6 14. e4 dxe4 15. dxe4 Bg6 16. Nh4 Bh7 17. Qc1 Be5 18. f4 Bxb2 19. Qxb2 Nc5 20. Qc3 Red8 21.
Re3 Qd7 22. Ra2 Qd4 23. e5 Qxc3 24. Rxc3 Nfe4 25. Nxe4 Nxe4 26. Bxe4 Bxe4 27. Kf2 Rd1 28. Ke3 Bh7 29. Rd2 Rh1 30. Kf3 Kf8 31. Rd7 Rb8 32.
a4 g5 33. Ng2 Rxh3 34. fxg5 hxg5 35. Kg4 Rh2 36. Ne3 Re2 37. Kxg5 Bg6 38. Kf4 Ke8 39. Rd1 Rf2+ 40. Kg5 Rd8 41. Rxd8+ Kxd8 42. g4 Rb2 43. c5 Ke7 44. Nc4 Rg2 45. Nxa5 Bf5 46. Rc4 Bd3 47.
Rb4 1-0

[Event "Late-Titled-Tuesday-Blitz-April-16-2024"]
[Site "Chess.com"]
[Date "2024.04.16"]
[Round "9"]
[White "Caterpiller35"]
[Black "a-z30"]
[Result "1-0"]
[WhiteElo "2491"]
[BlackElo "2378"]
[TimeControl "180+1"]
[EndTime "15:43:54 PDT"]
[Termination "Caterpiller35 won on time"]

1. d4 Nf6 2. Bg5 e6 3. e4 h6 4. Bxf6 Qxf6 5. c3 d5 6. Bd3 Qd8 7. Nd2 Be7 8. Ngf3 O-O 9. O-O c5 10. Qe2 cxd4 11. cxd4 Nc6 12. a3 Bf6 13. e5 Be7 14.
Bc2 Bd7 15. Qd3 g6 16. Rac1 Rc8 17. Bb1 a6 18. g3 Na5 19. h4 Bb5 20. Qe3 Kg7 21.
Rfe1 Nc4 22. Nxc4 dxc4 23. h5 Bc6 24. Nd2 b5 25. Ne4 Qd5 26. f3 Rh8 27. hxg6 fxg6 28. Kg2 Rcf8 29. Rf1 Rf5 30. Nc3 Qd7 31. Bxf5 gxf5 32.
d5 Bxd5 33. Nxd5 Qxd5 34. Rcd1 Qc6 35. Qa7 Kf7 36. Rd6 Qc8 37. Rd7 Qe8 38. Rfd1 Rg8 39.
Rxe7+ Qxe7 40. Rd7 Re8 41. Rxe7+ Rxe7 42. Qxa6 f4 43. gxf4 Kg6 44. Qxb5 Kf5 45. Qxc4 Rg7+ 46. Kf2 Kg6 47. Qxe6+ Kh5 48. Qg4+ Rxg4 49. fxg4+ Kxg4 50. e6 Kf5 51. e7 1-0

[Event "Late-Titled-Tuesday-Blitz-April-16-2024"]
[Site "Chess.com"]
[Date "2024.04.16"]
[Round "9"]
[White "AradNazari"]
[Black "MrTattaglia"]
[Result "0-1"]
[WhiteElo "2730"]
[BlackElo "2965"]
[TimeControl "180+1"]
[EndTime "15:43:55 PDT"]
[Termination "MrTattaglia won on time"]

1. e4 e6 2. d4 d5 3. e5 c5 4.
c3 Nc6 5. Nf3 Qb6 6. a3 f6 7. Bd3 fxe5 8. dxe5 Nh6 9. O-O Be7 10.
b4 c4 11. Bc2 Bd7 12. a4 Qc7 13. Qe2 O-O-O 14. Na3 Rdf8 15. Nb5 Qb8 16. Nbd4 Nxd4 17. Nxd4 g5 18. a5 Nf7 19. Re1 g4 20. Qxg4 Nxe5 21. Qe2 Bd6 22. f4 Nd3 23. Bxd3 cxd3 24. Qxd3 Bxf4 25.
g3 Be5 26. Bh6 Rfg8 27. Re3 Rg6 28. Qd2 Rhg8 29. Ne2 Rxh6 30. Rc1 Bc7 31. c4 d4 32. Nxd4 Bf4 33. Nxe6 Rxe6 0-1

[Event "Late-Titled-Tuesday-Blitz-April-16-2024"]
[Site "Chess.com"]
[Date "2024.04.16"]
[Round "9"]
[White "Nf3c5"]
[Black "steepedgames"]
[Result "0-1"]
[WhiteElo "2638"]
[BlackElo "2522"]
[TimeControl "180+1"]
[EndTime "15:43:56 PDT"]
[Termination "steepedgames won on time"]

1. e4 e6 2. d4 d5 3. Nd2 Nf6 4. e5 Nfd7 5. Bd3 c5 6. c3 b6 7. Ngf3 Ba6 8. c4 Nc6 9. a3 Nxd4 10. O-O Nxf3+ 11. Nxf3 Bxc4 12. Bxc4 dxc4 13. Qa4 Qc7 14.
Bf4 a6 15. Qxc4 Be7 16. Rad1 O-O 17. h4 b5 18. Qe4 h6 19. g4 Nb6 20. h5 Rad8 21. g5 hxg5 22. Nxg5 Bxg5 23. Bxg5 Rxd1 24. Rxd1 Nc4 25. Re1 Kh8 26. h6 f5 27. hxg7+ Qxg7 28. Qh4+ Kg8 29. Kh2 Nxe5 30. Qf4 Ng4+ 31. Kg3 e5 32. Qd2 Nf6 33. Kf3 Ne4 34. Qd5+ Qf7 35. Qxf7+ Kxf7 36. Be3 Rg8 37. Rh1 Ke6 38. Rh6+ Kd5 39. Rh7 f4 40. Bc1 Ng5+ 0-1

[Event "Late-Titled-Tuesday-Blitz-April-16-2024"]
[Site "Chess.com"]
[Date "2024.04.16"]
[Round "9"]
[White "Sanan_Sjugirov"]
[Black "temus_galaktionov"]
[Result "0-1"]
[WhiteElo "2997"]
[BlackElo "2890"]
[TimeControl "180+1"]
[EndTime "15:43:58 PDT"]
[Termination "temus_galaktionov won on time"]

1. d4 c6 2. c4 g6 3. e4 d6 4. Nc3 Bg7 5. Be3 Nd7 6. f4 e5 7.
Nf3 Ngf6 8. fxe5 dxe5 9. d5 O-O 10. Be2 Ng4 11. Bg1 f5 12. h3 Ngf6 13. exf5 gxf5 14. Bf2 cxd5 15. cxd5 e4 16. Ng5 Nb6 17. Qb3 Kh8 18.
Ne6 Bxe6 19. dxe6 f4 20. Bc5 Re8 21. O-O Qc7 22. Bf2 e3 23. Bh4 Qe5 24. Bxf6 Bxf6 25. Bg4 h5 26. Bf3 Rxe6 27. Rad1 Rae8 28. Ne2 R6e7 29. Qd3 Rg8 30. Kh1 Na4 31. Qb3 Nb6 32. Qb4 Bg5 33. a4 Rc7 34. a5 Nc4 35. Rd5 Qxb2 36. Qa4 Nd2 37. Bxh5 Nxf1 0-1

[Event "Late-Titled-Tuesday-Blitz-April-16-2024"]
[Site "Chess.com"]
[Date "2024.04.16"]
[Round "9"]
[White "Mikhail_Golubev"]
[Black "cthulhuuu"]
[Result "1-0"]
[WhiteElo "2591"]
[BlackElo "2461"]
[TimeControl "180+1"]
[EndTime "15:43:58 PDT"]
[Termination "Mikhail_Golubev won by resignation"]

1. e4 d6 2. d4 Nf6 3. Nc3 c6 4. f4 Qb6 5. Be2 e5 6. Nf3 Bg4 7. fxe5 Bxf3 8. exf6 Bxe2 9. Nxe2 gxf6 10. O-O Nd7 11. Kh1 O-O-O 12. Ng3 Rg8 13. a4 d5 14. a5 Qa6 15. exd5 cxd5 16. Nf5 Qe6 17. Rf3 Nb8 18.
Qf1 a6 19. Bf4 Nc6 20. Bg3 Rg4 21. c3 Re8 22. b4 Qe2 23. Qb1 Na7 24. Qb3 Qe4 25.
Rff1 Kd7 26. Rae1 Qxf5 27. Rxf5 Rxe1+ 28. Bxe1 Ke6 29. Qxd5+ Ke7 30. Qxb7+ 1-0

[Event "Late-Titled-Tuesday-Blitz-April-16-2024"]
[Site "Chess.com"]
[Date "2024.04.16"]
[Round "9"]
[White "SilverCityIndigo"]
[Black "divudis17"]
[Result "1-0"]
[WhiteElo "2445"]
[BlackElo "2560"]
[TimeControl "180+1"]
[EndTime "15:44:00 PDT"]
[Termination "SilverCityIndigo won on time"]

1. d4 Nf6 2. c4 g6 3. Nf3 Bg7 4.
b3 O-O 5. Bb2 c6 6. Nbd2 d5 7. e3 Bf5 8. h3 Nbd7 9. g4 Be4 10.
g5 Bxf3 11. Qxf3 Ne4 12. Nxe4 dxe4 13. Qxe4 Qa5+ 14. Ke2 e5 15. Qg4 exd4 16. Bxd4 Bxd4 17. exd4 Rfe8+ 18. Kf3 Qc3+ 19. Kg2 Ne5 20. Qd1 Rad8 21. d5 Nf3 22. Qxf3 Qxa1 23. dxc6 bxc6 24. c5 Qe5 25. h4 Qxc5 26. Bc4 Re7 27. Re1 Rde8 28. Bxf7+ Rxf7 29. Rxe8+ Kg7 30. Qe2 Qd5+ 31. f3 Rd7 32.
Qb2+ Kf7 33. Re2 Qf5 34. Qh8 Rd3 35. Qe8+ Kg7 36. Re7+ 1-0

[Event "Late-Titled-Tuesday-Blitz-April-16-2024"]
[Site "Chess.com"]
[Date "2024.04.16"]
[Round "9"]
[White "Nimrod_Veinberg"]
[Black "ChessBrainiacOnTwitch"]
[Result "1-0"]
[WhiteElo "2753"]
[BlackElo "2823"]
[TimeControl "180+1"]
[EndTime "15:44:02 PDT"]
[Termination "Nimrod_Veinberg won by checkmate"]

1. e4 c5 2. c3 Nf6 3. e5 Nd5 4. Nf3 d6 5. Bb5+ Bd7 6. Bc4 e6 7. Bxd5 exd5 8. d4 dxe5 9. Nxe5 Nc6 10. Nxc6 Bxc6 11. O-O Be7 12. dxc5 O-O 13. Be3 Rc8 14. Bd4 Bb5 15. Re1 Bxc5 16. Bxc5 Rxc5 17. Na3 Ba6 18. Nc2 Rc6 19. Nd4 Rg6 20. Qf3 b6 21. Re3 Bc8 22. h3 Be6 23. Rae1 Qh4 24. Kh2 Rf6 25. Qg3 Qxg3+ 26. Kxg3 Re8 27. f3 h5 28. h4 Kf8 29.
Kf2 Ke7 30. Re5 Kd6 31. Rxh5 Rg6 32. Rhe5 a6 33. g4 Rh6 34. Kg3 g6 35. f4 Rhh8 36.
f5 gxf5 37. Nxf5+ Kc5 38. Nd4 Kd6 39. h5 Rhg8 40. g5 Kd7 41. Kf4 Rh8 42. h6 Rhg8 43. h7 Rg7 44. Nxe6 fxe6 45. Rxe6 Rf8+ 46. Rf6 Rxf6+ 47.
gxf6 Rxh7 48. Re7+ Rxe7 49. fxe7 Kxe7 50. Ke5 d4 51.
cxd4 Kd7 52. Kd5 Kc7 53. Ke6 Kd8 54. Kd6 b5 55. Kc6 b4 56. Kb6 Kd7 57. Kxa6 Kd6 58. Kb5 b3 59. a3 Kd5 60. Kb4 Kxd4 61. Kxb3 Kc5 62. Ka4 Kb6 63. b4 Ka6 64. b5+ Kb6 65. Kb4 Kb7 66. a4 Kc7 67. a5 Kb7 68. Kc5 Ka7 69. b6+ Kb7 70. Kb5 Kb8 71. Kc6 Ka8 72. b7+ Kb8 73. a6 Ka7 74. Kc7 Kxa6 75. b8=Q Ka5 76.
Qb3 Ka6 77. Qb6# 1-0

[Event "Late-Titled-Tuesday-Blitz-April-16-2024"]
[Site "Chess.com"]
[Date "2024.04.16"]
[Round "9"]
[White "wild3000"]
[Black "ExchangeAB"]
[Result "0-1"]
[WhiteElo "2488"]
[BlackElo "2401"]
[TimeControl "180+1"]
[EndTime "15:44:03 PDT"]
[Termination "ExchangeAB won by resignation"]

1. d4 g6 2. h4 Nf6 3. Nc3 d5 4.
e3 Bg7 5. Be2 h5 6. Nf3 Bf5 7.
b3 Nc6 8. Bb2 Nb4 9. Bd3 Nxd3+ 10. cxd3 O-O 11. Ne2 a5 12. Rc1 Bd7 13. Ne5 Bb5 14.
Qc2 c6 15. a4 Ba6 16. Ba3 Nd7 17. f4 Nxe5 18. fxe5 Qd7 19. Nf4 Qg4 20. Bxe7 Rfe8 21. Bd6 f6 22. O-O fxe5 23. dxe5 Bxe5 24. Bxe5 Rxe5 25.
Rf3 Rae8 26. Re1 Kh7 27. Qf2 Rf5 28. Qg3 Qxg3 29. Rxg3 Rxf4 30. Rh3 Rf6 31. d4 Bd3 32. Rf3 Ref8 33. Kf2 Be4 34. Rxf6 Rxf6+ 35. Kg3 g5 36.
hxg5 Rf5 37. Kh4 Kg6 38. g4 hxg4 39. Kxg4 Rxg5+ 40. Kf4 Rf5+ 41. Kg4 Rf2 42. Rc1 Rb2 43. Rc5 Rxb3 44. Kf4 Bd3 45. Rxa5 Ba6 46. Rc5 Kf6 47. e4 dxe4 48. Kxe4 Ke6 49. Rh5 Kd6 50. Rh6+ Kc7 51. a5 Rb5 52. Rh7+ Kb8 53. Kd3 Rh5+ 0-1

[Event "Late-Titled-Tuesday-Blitz-April-16-2024"]
[Site "Chess.com"]
[Date "2024.04.16"]
[Round "9"]
[White "ameetghasi100"]
[Black "h4parah5"]
[Result "0-1"]
[WhiteElo "2794"]
[BlackElo "3030"]
[TimeControl "180+1"]
[EndTime "15:44:04 PDT"]
[Termination "h4parah5 won by checkmate"]

1. Nf3 c5 2. g3 Nc6 3. Bg2 g6 4. O-O Bg7 5. d3 d6 6. Nc3 e6 7. a3 Nge7 8. Rb1 O-O 9. Bd2 b6 10. b4 Bb7 11. h4 h6 12. Qc1 Kh7 13. bxc5 dxc5 14. Ne4 Rb8 15. c4 Nf5 16. Re1 Qe7 17.
Bc3 e5 18. a4 Nfd4 19. a5 Ba8 20. axb6 axb6 21. Ba1 Nxf3+ 22. exf3 Nb4 23. Rb3 Rbd8 24.
Qb1 Qd7 25. Rd1 Rfe8 26. Bc3 f5 27. Nd2 Qxd3 28. Bxb4 Qxb1 29. Rdxb1 cxb4 30. Nf1 Bf8 31. Ne3 Rd2 32. h5 Bc5 33. hxg6+ Kxg6 34. Bh3 f4 35.
gxf4 exf4 36. Nd5 Bxd5 37. cxd5 Ree2 38. Kh1 Rxf2 39. Rg1+ Kf6 40. Rg2 Rf1+ 41. Kh2 Bg1+ 42. Kh1 Bf2+ 43. Kh2 Bg3# 0-1

[Event "Late-Titled-Tuesday-Blitz-April-16-2024"]
[Site "Chess.com"]
[Date "2024.04.16"]
[Round "9"]
[White "micke12a"]
[Black "JiangoFett"]
[Result "1-0"]
[WhiteElo "2449"]
[BlackElo "2525"]
[TimeControl "180+1"]
[EndTime "15:44:06 PDT"]
[Termination "micke12a won by checkmate"]

1. d4 Nf6 2. Bf4 e6 3. e3 b6 4. c4 Bb7 5. Nf3 g6 6. Nc3 Bg7 7. h3 O-O 8. Be2 d6 9. O-O Nbd7 10. Rc1 a6 11. Bh2 Qe7 12. b4 e5 13. Qb3 exd4 14. exd4 Nh5 15. Rfe1 Qd8 16. d5 Bh6 17. Rcd1 Re8 18. Nd4 Qf6 19. Bg4 Rxe1+ 20. Rxe1 Qxd4 21. Bxd7 Bd2 22. Ne2 Qe4 23. Rd1 Qxe2 24. Bg4 Qe7 25.
Bxh5 gxh5 26. Qf3 Re8 27. Bg3 h4 28. Rxd2 hxg3 29. Qxg3+ Kh8 30. Rd4 Rg8 31. Qf3 Qe1+ 32.
Kh2 Qe5+ 33. Rf4 Rg7 34. g3 b5 35. Re4 Qg5 36. Re8+ Rg8 37. Qxf7 bxc4 38. Rxg8+ Qxg8 39. Qf6+ Qg7 40. Qd8+ Qg8 41. Qxc7 Qxd5 42. Qd8+ Kg7 43.
Qe7+ Kg6 44. Qe8+ Kf6 45. Qd8+ Ke5 46. Qg5+ Kd4 47. Qe3# 1-0